 Dungeon Crawl Stone Soup version 0.31.0-12-g77e489cdc1 (webtiles) character file.

Game seed: 12725899957361869803

834616 Doot the Annihilator (level 27, -1/139 HPs)
             Began as a Tengu Conjurer on Feb 6, 2024.
             Was the Champion of Vehumet.
             Killed from afar by a putrid mouth (11 damage)
             ... with a foul vapour
             ... called by a doom hound
             ... on level 5 of Tartarus on Feb 12, 2024.
             The game lasted 05:05:28 (118664 turns).

Doot the Annihilator (Tengu Conjurer)             Turns: 118664, Time: 05:05:29

Health: -1/139     AC: 33    Str: 18 (20) XL:     27
Magic:  40/64      EV: 12    Int: 35 (36) God:    Vehumet [******]
Gold:   7434       SH: 18    Dex: 12      Spells: 7/80 levels left

rFire   + + .        c - +3 Elemental Staff {ele, rElec rF+ rC+ AC+3}
rCold   + + +        e - +5 kite shield of Baleful Birdsong {rPois Will+ Str+6}
rNeg    + + .        f - +0 gold dragon scales
rPois   +            D - +0 hat of Youthful Indiscretion {Regen+ Int+6 Dex-5}
rElec   +            d - +2 cloak {Will+}
rCorr   +            C - +0 pair of gloves of the Several Ships {rC+ rCorr}
SInv    +            (boots unavailable)
Will    ++...        N - macabre finger necklace {Finger+ rN+} Stlth
                     n - ring of magical power
HPRegen 1.23/turn    E - ring "Pir Umpo" {rElec rC+ Int+5 Dex+3 Slay-6}
MPRegen 0.39/turn    M - ring "Papnegi" {rN+ SInv Stlth+}

%: random rage (3%), acrobat
@: lethally poisoned (-1 -> -2), flying, slightly contaminated, slowed, studying
3 skills, weak-willed, very slow
A: beak, talons 3, evasive flight, acrobatic, berserk 1, deterioration 1,
mutation resistance 1, wild magic 1
}: 7/15 runes: decaying, serpentine, slimy, silver, obsidian, icy, abyssal
a: Renounce Religion


You were on level 5 of Tartarus.
You worshipped Vehumet.
Vehumet was exalted by your worship.
You visited 17 branches of the dungeon, and saw 75 of its levels.
You visited the Abyss 3 times.
You visited 1 bazaar.
You also visited: Trove, Ice Cave and Desolation.

You collected 14805 gold pieces.
You spent 7371 gold pieces at shops.

Inventory:

Hand Weapons
 c - the +3 Elemental Staff (weapon) {ele, rElec rF+ rC+ AC+3}
   (You found it in the Desolation of Salt)

   AC+3:      It affects your AC (+3).
   rF+:       It protects you from fire.
   rC+:       It protects you from cold.
   rElec:     It insulates you from electricity.
 S - the +13 sceptre of Asmodeus
   (You took it off Asmodeus on level 7 of Gehenna)

   Fire Summon: It may summon demons of flame and damnation when striking foes.
Armour
 d - a +2 cloak of willpower (worn)
 e - the +5 kite shield of Baleful Birdsong (worn) {rPois Will+ Str+6}
   (You found it on level 5 of the Pits of Slime)

   Str+6:     It affects your strength (+6).
   rPois:     It protects you from poison Will+: It increases your willpower.
 f - +0 gold dragon scales (worn)
 s - the +2 hood of the Assassin {Detect Stab+ Stlth++}
   (You found it in the Desolation of Salt)

   Detect:    It allows the wearer to sense nearby creatures.
   Stab+:     It allows the wearer to make particularly effective stabbing
   attacks against helpless or unaware enemies with any weapon.
   Stlth++:   It makes you much more stealthy.
 C - the +0 pair of gloves of the Several Ships (worn) {rC+ rCorr}
   (You acquired it on level 4 of the Vaults)

   rC+:       It protects you from cold.
   rCorr:     It protects you from acid and corrosion.
 D - the +0 hat of Youthful Indiscretion (worn) {Regen+ Int+6 Dex-5}
   (You found it on level 2 of the Crypt)

   Int+6:     It affects your intelligence (+6).
   Dex-5:     It affects your dexterity (-5).
   Regen+:    It increases your rate of health regeneration.
 J - a +2 tower shield of positive energy
Magical Staves
 Y - the staff "Keshez" {rN+ Dex+6 Necro Tloc}
   (You found it on level 3 of the Crypt)

   [staff of death]

   Base accuracy: +5 Base damage: 5 Base attack delay: 1.2 This weapon's minimum
   attack delay (0.6) is reached at skill level 12.
   Dex+6:     It affects your dexterity (+6).
   rN+:       It protects you from negative energy.
   Necro:     It increases the power of your Necromancy spells.
   Tloc:      It increases the power of your Translocations spells.
   It falls into the 'Staves' category.
   It is a one-handed weapon.
Jewellery
 l - the ring of Checkmate {rPois rF+++ rC- Int+6 Dex-3 SInv}
   (You found it in the Desolation of Salt)

   [ring of intelligence]

   Int+6:     It affects your intelligence (+6).
   Dex-3:     It affects your dexterity (-3).
   rF+++:     It renders you almost immune to fire.
   rC-:       It makes you vulnerable to cold.
   rPois:     It protects you from poison SInv: It lets you see invisible.
 m - the ring of Ocabyaneif {rF+ Will+ EV+5}
   (You found it on level 5 of the Pits of Slime)

   [ring of evasion]

   EV+5:      It affects your evasion (+5).
   rF+:       It protects you from fire.
   Will+:     It increases your willpower.
 n - a ring of magical power (left hand)
 E - the ring "Pir Umpo" (right hand) {rElec rC+ Int+5 Dex+3 Slay-6}
   (You found it in the Desolation of Salt)

   [ring of protection from cold]

   Int+5:     It affects your intelligence (+5).
   Dex+3:     It affects your dexterity (+3).
   Slay-6:    It affects your accuracy & damage with ranged weapons and melee
   (-6).
   rC+:       It protects you from cold.
   rElec:     It insulates you from electricity.
 M - the ring "Papnegi" (on amulet) {rN+ SInv Stlth+}
   (You found it on level 2 of the Depths)

   [ring of see invisible]

   rN+:       It protects you from negative energy.
   SInv:      It lets you see invisible.
   Stlth+:    It makes you more stealthy.
 N - the macabre finger necklace (around neck) {Finger+ rN+}
   (You bought it in a shop on level 5 of the Vaults)

   [amulet of nothing]

   Finger+:   It enables you to equip an extra ring.
   rN+:       It protects you from negative energy.
 V - the amulet "Kyluyc" {Reflect MP+9 SH+5}
   (You found it in the Desolation of Salt)

   [amulet of reflection]

   Reflect:   It reflects blocked missile attacks.
   MP+9:      It affects your magic capacity (+9).
   SH+5:      It affects your SH (+5).
 Z - a +6 ring of intelligence
Wands
 h - a wand of digging (9)
 j - a wand of paralysis (64)
 H - a wand of quicksilver (46)
 U - a wand of roots (49)
Scrolls
 g - 6 scrolls of blinking
 p - 17 scrolls of poison
 u - 28 scrolls of teleportation
 v - 6 scrolls of amnesia
 x - 10 scrolls of fear
 y - 10 scrolls of fog
 F - 6 scrolls of revelation
 I - 7 scrolls of immolation
 K - 4 scrolls of butterflies
 O - 10 scrolls of enchant armour
 R - 5 scrolls of brand weapon
 X - 4 scrolls of torment
Potions
 i - 15 potions of attraction
 k - 19 potions of curing
 o - 5 potions of ambrosia
 q - 2 potions of cancellation
 r - 5 potions of haste
 t - 8 potions of heal wounds
 w - 8 potions of berserk rage
 z - 3 potions of invisibility
 B - 8 potions of enlightenment
 G - 4 potions of lignification
 L - 6 potions of resistance
 P - 6 potions of brilliance
 Q - 4 potions of might
 T - 9 potions of magic
 W - 8 potions of mutation
Miscellaneous
 a - a phantom mirror
 b - a lightning rod (4/4)
 A - a condenser vane


   Skills:
 + Level 5.4 Fighting
 + Level 3.6(3.7) Short Blades
 + Level 0.7(2.4) Long Blades
 + Level 4.1 Staves
 * Level 23.3 Armour
 + Level 11.6 Dodging
 + Level 7.8 Stealth
 + Level 15.6 Shields
 O Level 27 Spellcasting
 O Level 27 Conjurations
 - Level 7.6 Translocations
 * Level 26.7 Fire Magic
 O Level 27 Air Magic
 - Level 2.0 Earth Magic
 + Level 3.3 Alchemy
 + Level 6.0 Evocations


You had 7 spell levels left.
You knew the following spells:

 Your Spells              Type           Power      Damage    Failure   Level
a - Magic Dart            Conj           100%       1d8       1%          1
b - Fire Storm            Conj/Fire      83%        8d21      10%         9
c - Iskenderun's Mystic   Conj/Tloc      100%       2d19      1%          4
d - Chain Lightning       Conj/Air       83%        3d111     10%         9
e - Orb of Destruction    Conj           70%        9d16      1%          7
f - Ignition              Fire           83%        3d21      1%          8
g - Conjure Ball Lightni  Conj/Air       83%        3x3d31    1%          6
h - Arcjolt               Conj/Air       83%        1d93      1%          5
i - Iskenderun's Battles  Conj           100%       2d15      1%          5
j - Irradiate             Conj/Alch      58%        3d31      1%          5
k - Bombard               Conj/Erth      69%        9d11      2%          6
l - Maxwell's Capacitive  Air            83%        ∞         1%          8

Your spell library contained the following spells:

 Spells                   Type           Power      Damage    Failure   Level
 Shatter                  Erth           44%        3d34*     100%        9
 Apportation              Tloc           100%       N/A       1%          1
 Foxfire                  Conj/Fire      100%       2x1d9     1%          1
 Kiss of Death            Conj/Necr      100%       2d13      1%          1
 Shock                    Conj/Air       100%       1d9       1%          1
 Sting                    Conj/Alch      100%       1d9       1%          1
 Cigotuvi's Dreadful Rot  Necr/Alch/Air  100%       N/A       1%          2
 Mercury Vapours          Alch/Air       100%       N/A       1%          2
 Momentum Strike          Conj/Tloc      100%       3d10      1%          2
 Searing Ray              Conj           100%       2d8       1%          2
 Static Discharge         Conj/Air       100%       3-8/arc   1%          2
 Hailstorm                Conj/Ice       100%       3d16      1%          3
 Inner Flame              Hex/Fire       100%       N/A       1%          3
 Mephitic Cloud           Conj/Alch/Air  100%       N/A       1%          3
 Stone Arrow              Conj/Erth      100%       3d13      1%          3
 Swiftness                Air            100%       N/A       1%          3
 Airstrike                Air            83%        2d(12-28) 1%          4
 Brom's Barrelling Bould  Conj/Erth      100%       2d11      1%          4
 Fulminant Prism          Conj/Alch      58%        3d25      1%          4
 Ignite Poison            Fire/Alch      100%       N/A       1%          4
 Sticky Flame             Fire/Alch      100%       2d15      1%          4
 Summon Blazeheart Golem  Fire/Summ      100%       N/A       1%          4
 Summon Lightning Spire   Summ/Air       100%       N/A       1%          4
 Vhi's Electric Charge    Tloc/Air       100%       N/A       1%          4
 Freezing Cloud           Conj/Ice/Air   86%        6-21      1%          5
 Plasma Beam              Fire/Air       97%        2x1d116   1%          6
 Starburst                Conj/Fire      83%        6d21      1%          6
 Blink                    Tloc           100%       N/A       2%          2
 Lesser Beckoning         Tloc           100%       N/A       2%          2
 Sandblast                Erth           100%       2d20      3%          1
 Gell's Gravitas          Tloc           92%        N/A       4%          3
 Teleport Other           Tloc           92%        N/A       4%          3
 Freeze                   Ice            100%       1d10      6%          1
 Manifold Assault         Tloc           92%        N/A       11%         4
 Passage of Golubria      Tloc           92%        N/A       11%         4
 Olgreb's Toxic Radiance  Alch           75%        N/A       14%         4
 Frozen Ramparts          Ice            100%       1d16      16%         3
 Spellforged Servitor     Conj/Summ      55%        N/A       17%         7
 Necrotise                Necr           100%       1d9       22%         1
 Passwall                 Erth           88%        N/A       30%         3
 Call Imp                 Summ           100%       N/A       32%         2
 Ensorcelled Hibernation  Hex/Ice        100%       N/A       32%         2
 Jinxbite                 Hex            100%       N/A       32%         2
 Sublimation of Blood     Necr           57%        N/A       32%         2
 Dimensional Bullseye     Hex/Tloc       38%        N/A       43%         4
 Lee's Rapid Deconstruct  Erth           44%        3d21*     50%         5
 Call Canine Familiar     Summ           57%        N/A       52%         3
 Confusing Touch          Hex            57%        N/A       52%         3
 Fugue of the Fallen      Necr           57%        N/A       52%         3
 Ozocubu's Armour         Ice            75%        N/A       52%         3
 Sigil of Binding         Hex            57%        N/A       52%         3
 Summon Ice Beast         Ice/Summ       75%        N/A       52%         3
 Tukima's Dance           Hex            57%        N/A       52%         3
 Vampiric Draining        Necr           57%        2d10      52%         3
 Yara's Violent Unravell  Hex/Alch       33%        3d14      54%         5
 Leda's Liquefaction      Alch/Erth      45%        N/A       56%         4
 Petrify                  Alch/Erth      91%        N/A       56%         4
 Summon Forest            Summ/Tloc      38%        N/A       75%         5
 Animate Armour           Summ/Erth      100%       N/A       78%         4
 Dispersal                Tloc           46%        N/A       80%         6
 Alistair's Intoxication  Alch           50%        N/A       82%         5
 Eringya's Noxious Bog    Alch           37%        4d6       83%         6
 Anguish                  Hex/Necr       28%        N/A       89%         4
 Animate Dead             Necr           57%        N/A       89%         4
 Cause Fear               Hex            28%        N/A       89%         4
 Dispel Undead            Necr           57%        3d20      89%         4
 Martyr's Knell           Necr/Summ      57%        N/A       89%         4
 Borgnjor's Vile Clutch   Necr/Erth      40%        N/A       98%         5
 Curse of Agony           Necr           57%        N/A       99%         5
 Metabolic Englaciation   Hex/Ice        37%        N/A       99%         5
 Summon Mana Viper        Hex/Summ       57%        N/A       99%         5
 Death Channel            Necr           28%        N/A       100%        6
 Sculpt Simulacrum        Ice/Alch       43%        N/A       100%        6
 Enfeeble                 Hex            28%        N/A       100%        7
 Haunt                    Necr/Summ      28%        N/A       100%        7
 Monstrous Menagerie      Summ           28%        N/A       100%        7
 Ozocubu's Refrigeration  Ice            37%        4d15      100%        7
 Lehudib's Crystal Spear  Conj/Erth      69%        10d16     58%         8
 Discord                  Hex            28%        N/A       100%        8
 Disjunction              Tloc           46%        N/A       100%        8
 Polar Vortex             Ice            37%        12d5*     100%        9


Dungeon Overview and Level Annotations

Branches:
Dungeon (15/15)            Temple (1/1) D:6            Lair (5/5) D:9
  Swamp (4/4) Lair:2        Snake (4/4) Lair:3        Slime (5/5) Lair:5
    Orc (2/2) D:9             Elf (3/3) Orc:2        Vaults (5/5) D:14
  Crypt (3/3) Vaults:3       Tomb (1/3) Crypt:3      Depths (4/4) D:15
   Hell (visited)             Dis (3/7) Hell            Geh (7/7) Hell
    Coc (7/7) Hell            Tar (5/7) Hell            Zot (0/5) Depths:4
  IceCv (visited)         Desolation (visited)

Altars:
Ashenzari
Cheibriados
Dithmenos
Elyvilon
Fedhas
Gozag
Hepliaklqana
Kikubaaqudgha
Makhleb
Nemelex Xobeh
Okawaru
Qazlal
Ru
Sif Muna
Trog
Uskayaw
Vehumet
Wu Jian
Xom
Yredelemnul
Zin
The Shining One
Jiyva

Shops:
D:13 (   Orc:2 [*[[   Elf:1 (   Snake:1 !([:(   Vaults:1 (   Vaults:4 [[?[**
Vaults:5 ?!?=?=   Depths:1 (   Depths:3 ?[(*

Portals:
Hell: Depths:1 Depths:2 Depths:3 Depths:4
Abyss: Depths:3
Pandemonium: Depths:2
Ziggurat: Depths:4

Annotations:
D:6 2 transporters, Melody's ghost, novice TrFi
Lair:4 HourglassMan's ghost, journeyman BaIE
Orc:1 1 runed translucent door, Ignak's ghost, journeyman GnHW
Vaults:1 2 transporters


Innate Abilities, Weirdness & Mutations

You have a beak for a mouth.
You have claws for feet.
Your magical flight helps you evade attacks. (EV +4)
You can magically evade attacks while moving or waiting.
You sometimes lose your temper in combat.
Your body sometimes deteriorates upon taking damage.
You are somewhat resistant to further mutation.
Your spells are a little harder to cast, but a little more powerful.


Message History

You destroy the putrid mouth!
Vehumet accepts your kill.
You feel your power returning.
The putrid mouth is blasted with magical radiation!!!
The putrid mouth is almost destroyed.
You are lightly contaminated with residual magic.
You are engulfed in dark miasma.
You feel as though you will be slow longer.
* * * LOW HITPOINT WARNING * * *
You feel very sick.
The putrid mouth bites you but does no damage.
The putrid mouth claws you but does no damage.
The putrid mouth howls a warning cry!
The putrid mouth barely misses you. You block the putrid mouth's attack.
The putrid mouth completely misses you. You block the putrid mouth's attack.
You hear a bark!
You feel your strength returning.
Unknown command.
You feel much better.
You feel very sick. The putrid mouth bites you.
* * * LOW HITPOINT WARNING * * *
The putrid mouth claws you but does no damage.
You block the tormentor's attack. x2
The putrid mouth bites you but does no damage.
You block the putrid mouth's attack.
Unknown command.
Casting: Irradiate (mildly dangerous; 1% risk of failure)
Confirm with . or Enter, or press ? or * to list all spells.
You feel a surge of power!
You miscast Chain Lightning.
You are blasted with magical energy!!
* * * LOW HITPOINT WARNING * * *
You feel sick. You block the tormentor's attack. x2
The putrid mouth bites you but does no damage.
The putrid mouth claws you.
* * * LOW HITPOINT WARNING * * *
The putrid mouth throws miasma at you. The foul vapour engulfs you!
You feel as though you will be slow longer.
You die...

....##...#.#.#
.............#
#.∩.#.#.##
#.#.#.#..#.#
.###.#.........
.....#..°)..##
....°...#.###
...####W#...#...
.......2@.......
#.#.##....W..#.##
##..#.### .
#..#.. ..##...
.#. .... #.#^
..... . .. .....#


You could see 2 putrid mouths and a tormentor.

Vanquished Creatures
  Antaeus (Coc:7)
  the Royal Jelly (Slime:5)
  Asmodeus (Geh:7)
  8 dread liches
  Khufu (Crypt:3)
  8 ancient liches
  Mennas (Vaults:4)
  A juggernaut (Abyss:3)
  3 royal mummies
  Josephina (Crypt:2)
  Sojobo (Vaults:5)
  28 shard shrikes
  Vashnia (Snake:4)
  The ghost of casual the Hoplite, a veteran MiMo of Hepliaklqana (Vaults:4)
  3 caustic shrikes
  Geryon (Hell)
  The ghost of heteroy the Petrodigitator, a veteran GrEE of Vehumet (Vaults:4)
  4 golden dragons
  2 profane servitors
  Jory (Crypt:3)
  10 bone dragons
  8 doom hounds
  A spectral shard shrike (Tar:5)
  3 Tzitzimimeh (Tar:3)
  9 Brimstone Fiends
  18 hellephants
  4 iron giants (Dis:2)
  Rupert (D:15)
  Jorgrun (D:13)
  A walking crystal tome (Depths:4)
  2 shard shrike skeletons
  5 liches
  A tainted leviathan (Tar:3)
  A Hell Sentinel (Dis:1)
  22 titans
  25 Ice Fiends
  4 quicksilver dragons
  13 sphinxes
  7 tentacled monstrosities
  Asterion (Depths:1)
  A walking earthen tome (Depths:3)
  3 deep elf blademasters (Elf:3)
  22 acid blobs
  6 ancient champions
  19 searing wretches
  Frances (D:13)
  3 deep elf master archers (Elf:3)
  4 tentacled starspawn (Abyss:2)
  11 shadow dragons
  6 storm dragons
  10 tengu reavers
  Gastronok (Lair:1)
  16 azure jellies
  3 thorn hunters (Swamp:4)
  Kirke (D:12)
  5 nagarajas
  21 narguns
  Roxanne (Snake:4)
  A draconian knight (Abyss:2)
  4 fenstrider witches (Swamp:4)
  19 frost giants
  10 rockslimes
  26 fire giants
  3 revenants
  15 vault wardens
  6 deep elf sorcerers
  7 deep elf elementalists
  26 balrugs
  5 shard shrike simulacra
  An imperial myrmidon (Desolation)
  Louise (Swamp:1)
  3 spectral caustic shrikes
  A draconian scorcher (Depths:4)
  3 spectral juggernauts
  A cacodemon (Depths:3)
  5 iron dragons
  3 curse skulls
  2 ghouls (Swamp:4)
  2 spriggan defenders
  A draconian stormcaller (Depths:4)
  An angel (Abyss:3)
  3 caustic shrike skeletons
  37 very ugly things
  8 reapers
  4 orc warlords
  17 ironbound preservers
  15 stone giants
  7 ironbound thunderhulks
  13 quicksilver oozes
  6 formless jellyfish
  2 ophanim (Abyss:3)
  10 vampire knights
  A green draconian (Depths:4)
  8 eleionomae
  17 deep elf death magi
  8 putrid mouths
  A spectral titan (Tar:1)
  A red draconian (Depths:4)
  A yellow draconian (Depths:4)
  8 deep elf demonologists
  2 white draconians
  8 war gargoyles
  15 elemental wellsprings
  9 deep elf annihilators
  2 halazid warlocks (Desolation)
  3 bunyips
  9 spark wasps
  21 dire elephants
  12 wendigos
  3 crystal guardians
  4 eidola
  Snorg (D:10)
  14 ettins
  6 blizzard demons
  A quicksilver dragon zombie (Crypt:2)
  A merfolk javelineer (Depths:3)
  8 jiangshi
  9 ragged hierophants (Desolation)
  A shambling mangrove (Swamp:4)
  7 mummy priests (Tomb:1)
  A kraken zombie (Hell)
  7 fire dragons
  4 spectral spriggans
  2 entropy weavers
  13 yaktaur captains
  A spriggan zombie (Crypt:1)
  5 rakshasas
  10 deep elf high priests
  7 servants of whispers (Desolation)
  19 salamander tyrants
  27 vault guards
  A spectral fenstrider witch (Tar:1)
  11 hydras
  4 alligators (Swamp:2)
  3 juggernaut simulacra
  2 ghost crabs
  16 peacekeepers
  5 ogre magi
  10 ice dragons
  7 spriggan air magi
  6 caustic shrike simulacra
  13 great orbs of eyes
  22 two-headed ogres
  18 ironbound frosthearts
  11 anacondas
  4 death knights
  4 hell beasts
  3 catoblepae
  7 centaur warriors
  A spectral stone giant (Tar:2)
  4 stokers
  18 naga warriors
  12 boulder beetles
  7 deep troll earth magi
  16 death yaks
  4 death scarabs (Tomb:1)
  An orc high priest (Orc:2)
  5 vampire magi
  A spectral orc (Tar:1)
  46 hell hogs
  A thrashing horror (Abyss:2)
  A titan zombie (Vaults:3)
  7 dancing weapons
  7 tengu warriors
  12 deep troll shamans
  3 spriggan berserkers (Depths:2)
  6 soul eaters
  13 naga sharpshooters
  50 hell knights
  10 spriggans
  A sun demon (Hell)
  3 occultists
  7 shock serpents
  16 deep elf knights
  Amaemon (Lair:1)
  3 skysharks
  3 wretched stars (Abyss:2)
  3 iron trolls
  4 shadow wraiths
  2 skysharks (shapeshifter) (Vaults:5)
  4 goliath frogs
  2 salamander mystics
  A death drake (shapeshifter) (Vaults:5)
  A shadow demon (Coc:5)
  3 anaconda zombies
  A death drake (Swamp:4)
  40 skeletal warriors
  9 spriggan druids
  A spectral spark wasp (Depths:3)
  An iron giant skeleton (Crypt:3)
  2 orange crystal statues
  9 glowing orange brains
  4 swamp dragons
  8 large abominations (Abyss:2)
  2 cherubim (Abyss:3)
  3 bog bodies
  3 flayed ghosts
  40 deep trolls
  6 quicksilver dragon simulacra
  19 lindwurms
  4 naga ritualists
  2 spriggan simulacra (Coc:3)
  4 arcanists
  7 mana vipers
  14 phantasmal warriors
  A harpy (shapeshifter) (Abyss:2)
  18 orc knights
  An alligator zombie (Tomb:1)
  19 ironbound convokers
  2 anaconda skeletons (Crypt:3)
  22 deep elf pyromancers
  23 deep elf zephyrmancers
  13 necromancers
  16 deep elf archers
  46 ugly things
  A sphinx simulacrum (Vaults:3)
  6 orc sorcerers
  A salamander (shapeshifter) (Vaults:5)
  3 will-o-the-wisps
  A spectral ettin (Tar:2)
  10 manticores
  A manticore (shapeshifter) (Vaults:5)
  A shining eye (shapeshifter) (Depths:4)
  6 cyclopes
  A spectral centaur (Tar:1)
  6 starcursed masses (Abyss:2)
  16 salamanders
  A kobold blastminer (Orc:1)
  A dire elephant zombie (Crypt:2)
  A worldbinder (Abyss:2)
  4 ice statues
  5 shining eyes
  16 guardian serpents
  2 stone giant skeletons
  Maurice (D:10)
  12 elephants
  4 meliai
  Joseph (D:7)
  3 eyes of devastation
  5 titan simulacra
  14 molten gargoyles
  7 gargoyles
  A centaur skeleton (Crypt:3)
  15 cane toads
  21 naga magi
  4 rust devils (Hell)
  Maggie (D:10)
  5 smoke demons
  A storm dragon simulacrum (Coc:1)
  3 torpor snails (Lair:5)
  29 black mambas
  A white draconian zombie (Crypt:2)
  16 vault sentinels
  29 rime drakes
  An unseen horror (Abyss:2)
  4 orange demons
  10 hellions
  2 bunyip simulacra
  27 yaktaurs
  5 freezing wraiths
  A grey draconian zombie (Crypt:1)
  A kobold demonologist (D:11)
  An ice devil (Hell)
  3 anaconda simulacra
  4 spectral nagas
  A purple draconian skeleton (Crypt:1)
  16 tormentors
  10 komodo dragons
  4 tengu conjurers
  An unseen horror skeleton (Crypt:2)
  An iron giant simulacrum (Coc:7)
  4 hydra zombies
  4 ancient zymes (Abyss:2)
  8 spectral harpies
  3 harpy zombies
  A silent spectre (Tar:3)
  17 polar bears
  9 tyrant leeches
  2 hellwings (Swamp:4)
  A queen bee (Lair:4)
  4 bloated husks
  14 hornets
  11 guardian mummies (Tomb:1)
  7 trolls
  5 glass eyes
  71 saltlings (Desolation)
  A tengu simulacrum (Crypt:2)
  2 hydra skeletons (Hell)
  Prince Ribbit (D:6)
  An iron dragon simulacrum (Coc:3)
  A slime creature (shapeshifter) (Depths:2)
  4 stone giant simulacra
  2 spectral swamp dragons (Tar:1)
  7 raiju
  19 blink frogs
  14 dream sheep
  139 slime creatures
  A human simulacrum (Vaults:3)
  6 shadows
  A centaur simulacrum (Crypt:2)
  An ettin skeleton (Crypt:3)
  2 air elementals
  A ynoxinul (Abyss:2)
  6 ushabtiu
  6 small abominations (Abyss:2)
  7 wyverns
  2 vampires
  A fire elemental (Elf:3)
  8 water elementals
  8 wraiths
  11 golden eyes
  A human (Bazaar)
  7 dire elephant simulacra
  7 basilisks
  An alligator snapping turtle simulacrum (Coc:3)
  6 wargs
  51 yaks
  A hog (D:12)
  Eustachio (D:4)
  A steam dragon (Lair:5)
  A minotaur simulacrum (Crypt:2)
  2 redbacks (Vaults:3)
  4 vampire mosquitoes
  A basilisk (shapeshifter) (Abyss:2)
  A chaos spawn (Swamp:4)
  41 nagas
  A demonspawn zombie (Crypt:1)
  13 harpy simulacra
  Duvessa (D:6)
  4 acid dragons
  13 swamp worms
  3 hydra simulacra
  2 naga skeletons (Crypt:3)
  18 water moccasins
  15 orc warriors
  5 black bears
  6 ettin simulacra
  2 sky beasts
  4 swamp drakes
  26 laughing skulls
  2 wolves
  4 boggarts (Vaults:3)
  33 ogres
  A blink frog skeleton (Crypt:1)
  8 centaurs
  A draconian zombie (Crypt:1)
  3 weeping skulls (Abyss:2)
  Blork the orc (D:5)
  10 bullfrogs
  3 kobold brigands
  2 scorpions
  3 earth elementals
  2 gnoll sergeants
  2 naga simulacra
  8 wights (D:9)
  Dowan (D:6)
  A troll zombie (Crypt:2)
  13 killer bees
  3 spriggan skeletons
  6 electric eels
  4 howler monkeys
  A wolf skeleton (Crypt:2)
  4 hounds (D:5)
  2 quasits (Abyss:2)
  6 jellies
  18 orc priests
  2 sleepcaps
  Natasha (thrice) (D:3)
  8 iguanas
  21 orc wizards
  An ogre skeleton (Crypt:1)
  22 mummies
  18 gnolls
  3 adders
  A swamp drake zombie (Crypt:1)
  4 shadow imps
  3 white imps
  4 ufetubi
  An adder zombie (Crypt:1)
  A lava snake skeleton (Crypt:1)
  3 dart slugs
  4 ribbon worms
  64 orcs
  7 bats
  7 endoplasms
  4 giant cockroaches
  8 goblins
  5 hobgoblins
  12 jackals
  4 quokkas
  2 ball pythons
  3 frilled lizards
  15 kobolds
  7 rats
  A ball lightning (Vaults:2)
  7 creeping infernos
  4 fire vortices
  2 starspawn tentacles (Abyss:2)
  A tentacle (Hell)
3045 creatures vanquished.

Vanquished Creatures (collateral kills)
  A deep elf sorcerer (Elf:3)
  A spectral juggernaut (Tar:4)
  A reaper (Coc:5)
  An elemental wellspring (Coc:7)
  A quicksilver dragon simulacrum (Coc:2)
  An ice statue (Coc:7)
  A harpy simulacrum (Coc:6)
  A mummy (Tomb:1)
8 creatures vanquished.

Vanquished Creatures (others)
  2 caustic shrike simulacra
  A spriggan simulacrum (Coc:4)
  A human (D:12)
  A naga (Snake:3)
  A naga simulacrum (Coc:1)
  2 orc wizards
  An orc (D:12)
  79 ball lightnings
  124 fire vortices
  20 foxfires
  33 fulminant prisms
  8 starspawn tentacles (Abyss:2)
  3 tentacles (Hell)
276 creatures vanquished.

Grand Total: 3329 creatures vanquished

Notes
Turn   | Place    | Note
-------+----------+-------------------------------------------
     0 | D:1      | Doot the Tengu Conjurer began the quest for the Orb.
     0 | D:1      | Reached XP level 1. HP: 10/10 MP: 4/4
   230 | D:1      | Reached XP level 2. HP: 15/15 MP: 3/6
   233 | D:1      | Learned a level 2 spell: Searing Ray
   749 | D:1      | Reached XP level 3. HP: 19/19 MP: 4/7
  1261 | D:2      | Reached XP level 4. HP: 24/24 MP: 3/8
  1822 | D:2      | Learned a level 4 spell: Iskenderun's Mystic Blast
  2074 | D:3      | Reached XP level 5. HP: 28/28 MP: 2/10
  2156 | D:3      | Noticed Natasha
  2160 | D:3      | Killed Natasha
  2205 | D:3      | Found a shadowy altar of Dithmenos.
  2217 | D:3      | Noticed Natasha
  2223 | D:3      | Killed Natasha
  2266 | D:3      | Noticed Natasha
  2284 | D:3      | Killed Natasha
  2428 | D:3      | Found a transporter.
  2583 | D:4      | Reached XP level 6. HP: 32/32 MP: 6/12
  2743 | D:4      | Noticed Eustachio
  2755 | D:4      | Killed Eustachio
  3120 | D:5      | Entered Level 5 of the Dungeon
  3129 | D:5      | Learned a level 4 spell: Fulminant Prism
  3398 | D:5      | Gained mutation: Your magical flight helps you evade
                  | attacks. (EV +4) [Tengu growth]
  3398 | D:5      | Reached XP level 7. HP: 36/36 MP: 8/15
  3456 | D:5      | Reached skill level 5 in Spellcasting
  3962 | D:5      | Reached XP level 8. HP: 42/42 MP: 7/17
  4515 | D:5      | Noticed Blork the orc
  4523 | D:5      | Killed Blork the orc
  4929 | D:6      | Found a transporter.
  4938 | D:6      | Learned a level 7 spell: Orb of Destruction
  4945 | D:6      | Noticed Melody's ghost (novice TrFi)
  4961 | D:6      | Found a transporter.
  4995 | D:6      | Noticed Duvessa
  5000 | D:6      | Noticed Dowan
  5122 | D:6      | Killed Duvessa
  5123 | D:6      | Reached skill level 10 in Conjurations
  5501 | D:6      | Killed Dowan
  5838 | D:6      | Found a staircase to the Ecumenical Temple.
  5852 | D:6      | Noticed Prince Ribbit
  5865 | Temple   | Entered the Ecumenical Temple
  5878 | Temple   | Became a worshipper of Vehumet
  6819 | D:3      | Found a transporter.
  7195 | D:3      | Found a snail-covered altar of Cheibriados.
  7424 | D:6      | Killed Prince Ribbit
  7425 | D:6      | Reached XP level 9. HP: 46/46 MP: 14/20
  7554 | D:6      | Reached * piety under Vehumet
  7554 | D:6      | Offered knowledge of Shock by Vehumet.
  7557 | D:6      | Learned a level 1 spell: Shock
  7959 | D:6      | Upgraded the game from 0.31.0-9-g3a7656b989 to
                  | 0.31.0-11-ge490571c62
  8368 | D:7      | Noticed Joseph
  8437 | D:8      | Reached skill level 1 in Alchemy
  8524 | D:8      | Reached skill level 1 in Air Magic
  8751 | D:8      | Reached skill level 1 in Translocations
  9138 | D:8      | Reached skill level 1 in Short Blades
  9303 | D:9      | Found a shimmering altar of Xom.
  9321 | D:9      | Noticed a deep elf pyromancer
  9321 | D:9      | Noticed a skeletal warrior
  9346 | D:9      | Killed a skeletal warrior
  9347 | D:9      | Reached XP level 10. HP: 51/51 MP: 7/22
  9464 | D:9      | Noticed a two-headed ogre
  9488 | D:9      | Killed a two-headed ogre
 10112 | D:9      | Killed a deep elf pyromancer
 10241 | D:9      | Reached skill level 5 in Air Magic
 10529 | D:9      | Offered knowledge of Kiss of Death by Vehumet.
 10576 | D:9      | Reached ** piety under Vehumet
 11302 | D:7      | Found a blossoming altar of Fedhas.
 11589 | D:7      | Killed Joseph
 11590 | D:7      | Reached XP level 11. HP: 55/55 MP: 10/25
 11935 | D:9      | Found a staircase to the Lair.
 11991 | D:9      | Found a staircase to the Orcish Mines.
 12304 | D:10     | Entered Level 10 of the Dungeon
 12304 | D:10     | Found a portal to a secret trove of treasure.
 12397 | D:10     | Noticed Snorg
 12402 | D:10     | Killed Snorg
 12900 | D:10     | Found Zin's Purification Station.
 12901 | D:10     | Found a glowing silver altar of Zin.
 12908 | D:10     | Bought 2 potions of curing for 180 gold pieces
 13207 | D:10     | Reached skill level 15 in Conjurations
 13316 | D:10     | Noticed Maggie
 13324 | D:10     | Killed Maggie
 13325 | D:10     | Reached skill level 1 in Shields
 13489 | D:10     | Found a stormy altar of Qazlal.
 13489 | D:10     | Found a faded altar of an unknown god.
 13496 | D:10     | Found a sacrificial altar of Ru.
 13498 | D:10     | Found an ornate altar of the Wu Jian Council.
 13500 | D:10     | Found a glowing golden altar of the Shining One.
 13703 | D:10     | Noticed Maurice
 13780 | D:11     | Noticed a manticore
 14510 | D:11     | Noticed a manticore
 14514 | D:11     | Killed a manticore
 14650 | D:11     | Reached skill level 10 in Spellcasting
 14731 | D:11     | Noticed a green ugly thing
 14736 | D:11     | Noticed a manticore
 14748 | D:11     | Killed a green ugly thing
 14748 | D:11     | Offered knowledge of Mercury Vapours by Vehumet.
 14751 | D:11     | Killed a manticore
 14795 | D:11     | Noticed a two-headed ogre
 14811 | D:11     | Killed a two-headed ogre
 15190 | D:11     | Killed a manticore
 15285 | D:11     | Noticed a cyclops
 15499 | D:11     | Reached XP level 12. HP: 47/60 MP: 15/27
 16299 | D:10     | Killed Maurice
 17094 | D:8      | Reached skill level 5 in Stealth
 17450 | Lair:1   | Entered Level 1 of the Lair of Beasts
 17456 | Lair:1   | Reached skill level 1 in Evocations
 17587 | Lair:1   | Reached *** piety under Vehumet
 18442 | Lair:1   | Noticed a catoblepas
 18784 | Lair:1   | Killed a catoblepas
 18784 | Lair:1   | Noticed a death yak
 18785 | Lair:1   | Reached skill level 1 in Fighting
 18879 | D:9      | Killed a death yak
 18984 | Lair:1   | Noticed Gastronok
 19013 | Lair:1   | Killed Gastronok
 19014 | Lair:1   | Reached skill level 5 in Shields
 19328 | Lair:1   | Noticed Amaemon
 19337 | Lair:1   | Killed Amaemon
 20038 | Lair:1   | Reached XP level 13. HP: 64/64 MP: 21/29
 20221 | Lair:2   | Reached skill level 5 in Dodging
 20758 | Lair:2   | Noticed an eleionoma
 20766 | Lair:2   | Killed an eleionoma
 20876 | Lair:2   | Found a staircase to the Swamp.
 20911 | Lair:2   | Offered knowledge of Flame Wave by Vehumet.
 21984 | Orc:1    | Entered Level 1 of the Orcish Mines
 22140 | Orc:1    | Reached skill level 5 in Armour
 22222 | Orc:1    | Found the +8 demon blade "Leech" {evervamp, Harm ^Drain
                  | rN+}
 22275 | Orc:1    | Found a runed translucent door.
 22276 | Orc:1    | Found a shimmering altar of Xom.
 22276 | Orc:1    | Noticed Ignak's ghost (journeyman GnHW)
 22379 | Orc:2    | Entered Level 2 of the Orcish Mines
 22379 | Orc:2    | Found a staircase to the Elven Halls.
 22826 | Orc:1    | Reached **** piety under Vehumet
 22840 | Orc:1    | Offered knowledge of Volatile Blastmotes by Vehumet.
 24872 | Orc:2    | Reached XP level 14. HP: 70/70 MP: 3/31
 25140 | Orc:2    | Reached ***** piety under Vehumet
 25140 | Orc:2    | Offered knowledge of Ozocubu's Refrigeration by Vehumet.
 25695 | Orc:2    | Paralysed by something for 2 turns
 26143 | Orc:2    | Found Xebb's Antique Armour Shop.
 26143 | Orc:2    | Found Ceileicu's Antique Armour Shoppe.
 26144 | Orc:2    | Found Xeckal's General Store.
 26144 | Orc:2    | Found Mis Gompo's Armour Boutique.
 26154 | Orc:2    | Bought a scroll of teleportation for 51 gold pieces
 27118 | Lair:3   | You are sucked into a shaft and drop 2 floors!
 27118 | Lair:5   | Entered Level 5 of the Lair of Beasts
 27282 | Lair:5   | Found a viscous altar of Jiyva.
 27282 | Lair:5   | Found a staircase to the Slime Pits.
 28455 | Lair:3   | Offered knowledge of Conjure Ball Lightning by Vehumet.
 28468 | Lair:3   | Learned a level 6 spell: Conjure Ball Lightning
 28670 | Lair:3   | Found a staircase to the Snake Pit.
 29023 | Lair:3   | Reached XP level 15. HP: 65/74 MP: 33/33
 29264 | Lair:3   | Reached skill level 5 in Translocations
 29653 | Lair:4   | Noticed HourglassMan's ghost (journeyman BaIE)
 31215 | Lair:4   | Found a transporter.
 31220 | Lair:4   | Found a transporter.
 33299 | Lair:5   | Offered knowledge of Arcjolt by Vehumet.
 33997 | D:9      | Learned a level 5 spell: Arcjolt
 34178 | D:12     | Noticed Kirke
 34188 | D:12     | Killed Kirke
 34540 | D:12     | Reached XP level 16. HP: 79/79 MP: 27/35
 35846 | D:13     | Noticed Jorgrun
 35850 | D:13     | Killed Jorgrun
 36142 | D:13     | Noticed Frances
 36145 | D:13     | Killed Frances
 36247 | D:13     | Found Taorphodd's Antique Weapon Shop.
 36379 | D:13     | Reached skill level 10 in Air Magic
 36946 | D:14     | Offered knowledge of Iskenderun's Battlesphere by Vehumet.
 36986 | D:14     | Learned a level 5 spell: Iskenderun's Battlesphere
 37643 | D:14     | Found a gate to the Vaults.
 37650 | D:14     | Identified the +3 leather armour of Action {rN+ Int+4}
 37724 | D:15     | Entered Level 15 of the Dungeon
 37727 | Abyss:2  | Cast into level 2 of the Abyss (an occultist)
 37778 | Abyss:2  | Found a corrupted altar of Lugonu.
 37977 | Abyss:2  | Noticed a tentacled starspawn
 37992 | Abyss:2  | Killed a tentacled starspawn
 37992 | Abyss:2  | Noticed a hellephant
 38155 | Abyss:2  | Noticed a tentacled starspawn
 38163 | Abyss:2  | Killed a tentacled starspawn
 38440 | Abyss:2  | Found a corrupted altar of Lugonu.
 38462 | Abyss:2  | Noticed a tentacled starspawn
 38491 | Abyss:2  | Noticed a tentacled starspawn
 38495 | Abyss:2  | Killed a tentacled starspawn
 38574 | D:15     | Escaped the Abyss
 38933 | D:15     | Reached skill level 15 in Spellcasting
 39297 | Snake:1  | Entered Level 1 of the Snake Pit
 39398 | Snake:1  | Found Teomec's Book Shop.
 39398 | Snake:1  | Found Taohij's Distillery.
 39399 | Snake:1  | Found Zojeyxemm's Armour Shop.
 40431 | Snake:1  | Found Qamaus's Antique Weapon Boutique.
 40450 | Snake:1  | Bought a manual of Armour for 1280 gold pieces
 40450 | Snake:1  | Bought Maxwell's Memoranda for 640 gold pieces
 40712 | Snake:1  | Found Memibes's Antique Weapon Shop.
 40803 | Snake:1  | Reached XP level 17. HP: 84/84 MP: 13/37
 41410 | Snake:2  | Reached skill level 5 in Evocations
 41716 | Snake:2  | Identified the +7 chain mail "Lyrat" {rC+}
 42386 | Snake:2  | Offered knowledge of Fireball by Vehumet.
 44145 | Snake:2  | Learned a level 5 spell: Irradiate
 45752 | Snake:4  | Entered Level 4 of the Snake Pit
 46194 | Snake:4  | Noticed Roxanne
 46211 | Snake:4  | Killed Roxanne
 46723 | Snake:4  | Offered knowledge of Plasma Beam by Vehumet.
 46769 | Snake:4  | Reached XP level 18. HP: 84/89 MP: 21/38
 47932 | Snake:4  | HP: 3/89 [salamander tyrant/flame surge (21)]
 48401 | Snake:4  | Noticed Vashnia
 48586 | Snake:4  | Killed Vashnia
 48711 | Snake:4  | Got a serpentine rune of Zot
 49146 | Vaults:1 | Entered Level 1 of the Vaults
 50702 | Vaults:1 | Offered knowledge of Lehudib's Crystal Spear by Vehumet.
 50951 | Vaults:1 | Found a transporter.
 50953 | Vaults:1 | Found Geup's Weapon Shoppe.
 51174 | Vaults:1 | Found a transporter.
 51978 | Vaults:1 | Reached XP level 19. HP: 93/93 MP: 16/40
 52392 | Vaults:2 | Found a crumbling gateway.
 52412 | Desolati | Entered the Desolation of Salt
 52446 | Desolati | Learned a level 6 spell: Bombard
 52965 | Desolati | Reached skill level 27 in Conjurations
 53296 | Desolati | Identified the ring "Pir Umpo" {rElec rC+ Int+5 Dex+3
                  | Slay-6}
 53312 | Desolati | Identified the +3 buckler "Poharon" {rF+ rN+ Str+3}
 53324 | Desolati | Identified the amulet "Zeptep Caph" {Faith Int+3}
 53333 | Desolati | Identified the amulet "Kyluyc" {Reflect MP+9 SH+5}
 54304 | Desolati | Reached skill level 1 in Earth Magic
 54619 | Desolati | Found the +12 glaive of Prune {freeze, Prune}
 54821 | Desolati | Identified the +4 spear "Beastbane" {venom, Str+4 Dex-4}
 54826 | Desolati | Got the Octavo of Rotting Locality
 54828 | Desolati | Got the Omnibus of the Wendigo and Hermetica
 55028 | Desolati | Reached ****** piety under Vehumet
 55591 | Desolati | Identified the +5 chain mail of the Everdark {Dex+4}
 55592 | Desolati | Identified the ring of Checkmate {rPois rF+++ rC- Int+6
                  | Dex-3 SInv}
 55698 | Desolati | Found the +3 Elemental Staff {ele, rElec rF+ rC+ AC+3}
 55700 | Desolati | Found the +2 hood of the Assassin {Detect Stab+ Stlth++}
 55701 | Desolati | Identified the +7 battleaxe of the Holding Gods {heavy,
                  | rCorr Stlth+}
 56533 | Vaults:2 | Learned a level 8 spell: Maxwell's Capacitive Coupling
 56910 | Vaults:2 | Reached XP level 20. HP: 77/98 MP: 43/43
 56983 | Vaults:2 | Offered knowledge of Fire Storm by Vehumet.
 56983 | Vaults:2 | Offered knowledge of Shatter by Vehumet.
 56983 | Vaults:2 | Offered knowledge of Chain Lightning by Vehumet.
 58608 | Vaults:3 | Reached skill level 10 in Armour
 58922 | Vaults:3 | Found a gateway to a bazaar.
 58931 | Bazaar   | Entered a bazaar
 58939 | Bazaar   | Found Essiat's Assorted Antiques.
 58940 | Bazaar   | Found Sabasi's Distillery.
 58963 | Bazaar   | Bought a potion of degeneration for 9 gold pieces
 58980 | Bazaar   | Found Zanucad's General Store.
 58981 | Bazaar   | Found Puomm's General Store.
 59027 | Bazaar   | Bought a potion of mutation for 72 gold pieces
 59027 | Bazaar   | Bought a potion of haste for 90 gold pieces
 59027 | Bazaar   | Bought a potion of mutation for 72 gold pieces
 59039 | Bazaar   | Bought a potion of mutation for 200 gold pieces
 59039 | Bazaar   | Bought a scroll of teleportation for 75 gold pieces
 59057 | Bazaar   | Bought a potion of mutation for 144 gold pieces
 59148 | Bazaar   | Bought a potion of curing for 27 gold pieces
 59148 | Bazaar   | Bought a potion of ambrosia for 72 gold pieces
 59148 | Bazaar   | Bought a potion of resistance for 90 gold pieces
 59148 | Bazaar   | Bought a potion of brilliance for 36 gold pieces
 59170 | Bazaar   | Bought a scroll of enchant weapon for 187 gold pieces
 59170 | Bazaar   | Bought a scroll of identify for 50 gold pieces
 59192 | Bazaar   | Bought a scroll of fog for 60 gold pieces
 59192 | Bazaar   | Bought a potion of lignification for 45 gold pieces
 59244 | Bazaar   | Identified 2 scrolls of acquirement
 59963 | Vaults:3 | Reached skill level 15 in Air Magic
 60169 | Vaults:3 | Paralysed by a sphinx for 5 turns
 60928 | Vaults:3 | Noticed a Tzitzimitl
 61649 | Vaults:4 | Found Zaokaole's Armour Boutique.
 61797 | Vaults:4 | Reached XP level 21. HP: 64/103 MP: 46/46
 61988 | Vaults:4 | Acquired the +0 pair of gloves of the Several Ships {rC+
                  | rCorr}
 62276 | Vaults:4 | Found a runed translucent gate.
 62276 | Vaults:4 | Found a runed translucent gate.
 62276 | Vaults:4 | Found a runed translucent gate.
 62277 | Vaults:4 | Noticed heteroy's ghost (veteran GrEE)
 62277 | Vaults:4 | Noticed casual's ghost (veteran MiMo)
 62282 | Vaults:4 | Found Nemiuci's General Store.
 62305 | Vaults:4 | Bought a scroll of enchant weapon for 112 gold pieces
 62305 | Vaults:4 | Bought a scroll of teleportation for 45 gold pieces
 62551 | Vaults:4 | Found Humpitz's General Store.
 62774 | Vaults:4 | Found Sasoxara's Armour Shop.
 62967 | Vaults:4 | Found Heuph's Magic Scroll Shop.
 62970 | Vaults:4 | Bought a scroll of blinking for 97 gold pieces
 62970 | Vaults:4 | Bought a scroll of enchant weapon for 97 gold pieces
 63236 | D:10     | You paid a toll of a +4 demon whip to enter a treasure
                  | trove
 63237 | Trove    | Entered a treasure trove
 63249 | Trove    | Identified the +0 leather armour "Joimadul" {rN+ Int+3}
 63250 | Trove    | Identified the amulet of the Priest {Faith rN+ Will++}
 63255 | Trove    | Identified the scarf of Yczotrofi {repulsion, Dex+4}
 63317 | D:10     | Learned a level 9 spell: Chain Lightning
 63460 | Swamp:1  | Entered Level 1 of the Swamp
 63647 | Swamp:1  | Reached skill level 10 in Shields
 64041 | Swamp:1  | Acquired 776 gold pieces
 64042 | Swamp:1  | Acquired a +2 cloak of willpower
 64053 | Swamp:1  | Noticed Louise
 64058 | Abyss:2  | Cast into level 2 of the Abyss (Louise)
 64083 | Abyss:2  | Found a corrupted altar of Lugonu.
 64088 | Abyss:2  | Noticed a bone dragon
 64508 | Abyss:2  | Noticed a profane servitor
 64526 | Abyss:2  | Killed a profane servitor
 65043 | Abyss:2  | Found a corrupted altar of Lugonu.
 65162 | Abyss:2  | Found a corrupted altar of Lugonu.
 65164 | Abyss:2  | Found a corrupted altar of Lugonu.
 65174 | Abyss:2  | Noticed a bone dragon
 65178 | Abyss:2  | Paralysed by accursed screaming for 1 turns
 65240 | Swamp:1  | Escaped the Abyss
 65245 | Swamp:1  | Killed Louise
 66860 | Swamp:3  | Found a glacial archway.
 66909 | IceCv    | Entered an ice cave
 67531 | IceCv    | Reached skill level 1 in Staves
 68533 | IceCv    | Identified the +1 pair of gloves of Fajipt {Stlth+}
 69059 | IceCv    | Reached XP level 22. HP: 108/108 MP: 34/48
 69166 | IceCv    | Identified the amulet "Usohaot" {Faith Fly rC+ Int+6}
 69652 | Swamp:4  | Entered Level 4 of the Swamp
 71561 | Swamp:4  | Got a decaying rune of Zot
 72507 | D:14     | Found a shimmering altar of Xom.
 72746 | Vaults:4 | Bought a +4 scale mail of fire resistance for 434 gold
                  | pieces
 72913 | Vaults:4 | Found Rurim's Antique Armour Shoppe.
 72917 | Vaults:4 | Bought a shiny chain mail for 262 gold pieces
 72917 | Vaults:4 | Bought a shiny kite shield for 262 gold pieces
 74461 | Vaults:3 | Found a staircase to the Crypt.
 74472 | Crypt:1  | Entered Level 1 of the Crypt
 75856 | Crypt:2  | HP: 5/106 [spore (14)]
 75981 | Crypt:2  | Identified the ring "Asicred" {Ice rElec Int+3}
 75981 | Crypt:2  | Noticed Josephina
 76079 | Crypt:1  | Learned a level 9 spell: Fire Storm
 76092 | Crypt:2  | Killed Josephina
 76093 | Crypt:2  | Reached skill level 1 in Fire Magic
 76583 | Crypt:2  | Reached XP level 23. HP: 108/110 MP: 51/51
 76853 | Crypt:2  | Identified the +0 hat of Youthful Indiscretion {Regen+
                  | Int+6 Dex-5}
 76948 | Crypt:2  | Found an ancient bone altar of Kikubaaqudgha.
 77149 | Crypt:3  | Entered Level 3 of the Crypt
 77945 | Crypt:3  | Identified the +6 hand axe of Meig {freeze, rElec rC- Int+5
                  | SInv}
 78075 | Crypt:3  | Noticed Khufu
 78079 | Crypt:3  | Killed Khufu
 78274 | Crypt:3  | Noticed a royal mummy
 78320 | Crypt:3  | Killed a royal mummy
 79248 | Crypt:3  | Found an ancient bone altar of Kikubaaqudgha.
 79250 | Crypt:3  | Noticed an ancient lich
 79260 | Crypt:3  | Noticed an ancient lich
 79263 | Crypt:3  | Killed an ancient lich
 79268 | Crypt:3  | Killed an ancient lich
 79381 | Crypt:3  | Noticed Jory
 79387 | Crypt:3  | Killed Jory
 79389 | Crypt:3  | Noticed a dread lich
 79393 | Crypt:3  | Killed a dread lich
 79619 | Crypt:3  | Found a staircase to the Tomb.
 79694 | Crypt:3  | Noticed a dread lich
 79701 | Crypt:3  | Paralysed by a dread lich for 4 turns
 79708 | Crypt:3  | Killed a dread lich
 79768 | Crypt:3  | Identified the staff "Keshez" {rN+ Dex+6 Necro Tloc}
 79768 | Crypt:3  | Identified the death talisman of the Moon {Str+6 Dex+6}
 80110 | Vaults:5 | Entered Level 5 of the Vaults
 80113 | Vaults:5 | Reached skill level 15 in Armour
 80284 | Vaults:4 | Killed casual's ghost
 80286 | Vaults:4 | Killed heteroy's ghost
 80703 | D:15     | Found a staircase to the Depths.
 80822 | D:15     | Noticed Rupert
 80826 | D:15     | Killed Rupert
 81145 | Depths:1 | Entered Level 1 of the Depths
 81148 | Depths:1 | Reached skill level 5 in Fire Magic
 81148 | Depths:1 | Reached XP level 24. HP: 114/117 MP: 52/52
 81906 | Slime:1  | Entered Level 1 of the Pits of Slime
 82531 | Slime:2  | Gained mutation: Your body sometimes deteriorates upon
                  | taking damage. [a shining eye]
 82532 | Slime:2  | Gained mutation: You sometimes lose your temper in combat.
                  | [a shining eye]
 82532 | Slime:2  | Gained mutation: Your spells are a little harder to cast,
                  | but a little more powerful. [a shining eye]
 85215 | Slime:5  | Entered Level 5 of the Pits of Slime
 85909 | Vaults:5 | Noticed Mennas
 86187 | Elf:1    | Entered Level 1 of the Elven Halls
 86811 | Elf:1    | Found Bumaec's Antique Weapon Shop.
 88254 | Depths:1 | Noticed Asterion
 88258 | Depths:1 | Killed Asterion
 88511 | Depths:1 | Found a gateway to Hell.
 88678 | Depths:1 | Found Cishram's Weapon Shoppe.
 88687 | Depths:1 | Reached XP level 25. HP: 121/121 MP: 49/53
 89310 | Depths:1 | Upgraded the game from 0.31.0-11-ge490571c62 to
                  | 0.31.0-12-g77e489cdc1
 89533 | Depths:2 | Found a one-way gate leading to the halls of Pandemonium.
 91161 | Depths:2 | Identified the ring "Papnegi" {rN+ SInv Stlth+}
 91163 | Depths:2 | Got the Elucidation of the Planar Entourage
 91165 | Depths:2 | Identified the +5 rapier "Fedam" {flame, Str+2}
 91263 | Depths:2 | Identified the amulet "Gecol" {^Contam rC+ Regen+ Str+7
                  | Slay+2}
 92170 | Depths:3 | Found Kieharyr's Armour Emporium.
 92407 | Depths:3 | Found a one-way gate to the infinite horrors of the Abyss.
 92627 | Depths:3 | Identified the +5 dagger of Kutax {spect, rCorr Stlth+}
 93328 | Depths:3 | Found Haub's Magic Scroll Boutique.
 93342 | Depths:3 | Bought a scroll of teleportation for 39 gold pieces
 93342 | Depths:3 | Bought 3 scrolls of enchant armour for 292 gold pieces
 93342 | Depths:3 | Bought a scroll of enchant armour for 97 gold pieces
 93342 | Depths:3 | Bought a scroll of amnesia for 52 gold pieces
 93342 | Depths:3 | Bought a scroll of fog for 52 gold pieces
 93342 | Depths:3 | Bought a scroll of teleportation for 39 gold pieces
 93383 | Depths:3 | Reached XP level 26. HP: 127/127 MP: 50/54
 93650 | Depths:3 | Found Kizoi's Assorted Antiques.
 93860 | Depths:3 | Gained mutation: You are somewhat resistant to further
                  | mutation. [a cacodemon]
 93921 | Depths:3 | Identified the +1 dagger of the Dozen Shrikes {freeze, rC+
                  | Will+}
 94125 | Depths:3 | Found Rihai's Magic Scroll Emporium.
 94128 | Depths:3 | Bought a scroll of teleportation for 72 gold pieces
 94360 | Depths:3 | Reached skill level 27 in Spellcasting
 94495 | Depths:3 | Found Tigedoev's Antique Weapon Shop.
 94581 | Depths:4 | Entered Level 4 of the Depths
 94975 | Depths:4 | Identified the +2 pair of boots of Juptah {*Corrode Fly
                  | rPois Int+5}
 95817 | Depths:4 | Reached skill level 10 in Fire Magic
 96042 | Depths:4 | Found a one-way gateway to a ziggurat.
 96383 | Depths:4 | Found a gate to the Realm of Zot.
 96782 | Vaults:4 | Killed Mennas
 96865 | Vaults:5 | Found Ficyepei's Magic Scroll Emporium.
 96871 | Vaults:5 | Bought a scroll of fog for 64 gold pieces
 96871 | Vaults:5 | Bought a scroll of fog for 64 gold pieces
 96871 | Vaults:5 | Bought a scroll of revelation for 120 gold pieces
 96871 | Vaults:5 | Bought a scroll of revelation for 120 gold pieces
 97180 | Vaults:5 | Noticed Sojobo
 97181 | Vaults:5 | Killed Sojobo
 97255 | Vaults:5 | Noticed an ancient lich
 97302 | Vaults:5 | Noticed a dread lich
 97418 | Vaults:5 | Got a silver rune of Zot
 97615 | Vaults:5 | Killed an ancient lich
 97954 | Vaults:5 | Found Hoptig's Distillery.
 97958 | Vaults:5 | Bought a potion of heal wounds for 90 gold pieces
 97958 | Vaults:5 | Bought a potion of ambrosia for 144 gold pieces
 97962 | Vaults:5 | Bought a potion of brilliance for 72 gold pieces
 98049 | Vaults:5 | Noticed an ancient lich
 98053 | Vaults:5 | Killed an ancient lich
 98054 | Vaults:5 | Paralysed by a dread lich for 5 turns
 98060 | Vaults:5 | Reached XP level 27. HP: 106/132 MP: 41/55
 98060 | Vaults:5 | Killed a dread lich
 98200 | Vaults:5 | Noticed a dread lich
 98205 | Vaults:5 | Killed a dread lich
 99227 | Vaults:5 | Found Qeuto's Magic Scroll Shop.
 99235 | Vaults:5 | Bought a scroll of teleportation for 30 gold pieces
 99235 | Vaults:5 | Bought a scroll of revelation for 75 gold pieces
 99235 | Vaults:5 | Bought a scroll of teleportation for 30 gold pieces
 99235 | Vaults:5 | Bought a scroll of teleportation for 30 gold pieces
 99454 | Vaults:5 | Found Wiequd's Jewellery Shoppe.
 99454 | Vaults:5 | Found Haemmoaf's Jewellery Boutique.
 99648 | Vaults:5 | Found Mehaa's Magic Scroll Shop.
 99655 | Vaults:5 | Bought a scroll of enchant armour for 150 gold pieces
 99655 | Vaults:5 | Bought a scroll of teleportation for 60 gold pieces
 99655 | Vaults:5 | Bought a scroll of enchant armour for 150 gold pieces
 99835 | Vaults:5 | Learned a level 8 spell: Ignition
100291 | Slime:5  | Noticed the Royal Jelly
100294 | Slime:5  | Killed the Royal Jelly
100468 | Slime:5  | Reached skill level 10 in Dodging
100512 | Slime:5  | Identified the amulet "Vetum Lem" {Reflect rElec rC+ Int+3
                  | SH+5}
100542 | Slime:5  | Identified the ring of Ocabyaneif {rF+ Will+ EV+5}
100544 | Slime:5  | Got a slimy rune of Zot
100593 | Slime:5  | Identified the +5 kite shield of Baleful Birdsong {rPois
                  | Will+ Str+6}
101271 | Elf:2    | Paralysed by an air elemental for 1 turns
101398 | Elf:3    | Entered Level 3 of the Elven Halls
102052 | Elf:3    | Identified the +1 war axe of Heomamp {flame, rC++ rCorr}
102514 | Elf:3    | Got Puidwai's Precepts of Igneous Transportation
103069 | Depths:3 | Voluntarily entered the Abyss.
103118 | Abyss:3  | Found a glowing golden altar of the Shining One.
103173 | Abyss:3  | Noticed a juggernaut
103182 | Abyss:3  | Killed a juggernaut
103188 | Abyss:3  | Got an abyssal rune of Zot
103196 | Abyss:3  | Found a glowing golden altar of the Shining One.
103209 | Depths:3 | Escaped the Abyss
103712 | Vaults:5 | Bought the macabre finger necklace {Finger+ rN+} for 840
                  | gold pieces
103712 | Vaults:5 | Found the macabre finger necklace {Finger+ rN+}
104497 | Tomb:1   | Entered Level 1 of the Tomb of the Ancients
105367 | Tomb:1   | Noticed a royal mummy
105374 | Tomb:1   | Killed a royal mummy
106001 | Tomb:1   | Noticed a royal mummy
106019 | Tomb:1   | Killed a royal mummy
106149 | Tomb:1   | Identified the amulet "Tiusiclu" {Acrobat rC++ SInv}
106706 | Hell     | Entered the Vestibule of Hell
106706 | Hell     | Noticed Geryon
106710 | Hell     | Killed Geryon
108033 | Hell     | Found a gateway to the Iron City of Dis.
108372 | Hell     | Found a gateway to the freezing wastes of Cocytus.
108494 | Hell     | Found a gateway to the decaying netherworld of Tartarus.
108576 | Hell     | Found a gateway to the ashen valley of Gehenna.
108733 | Coc:1    | Entered Level 1 of Cocytus
109192 | Coc:3    | Reached skill level 27 in Air Magic
109256 | Coc:3    | Reached skill level 15 in Fire Magic
110605 | Coc:7    | Entered Level 7 of Cocytus
112150 | Coc:7    | Noticed Antaeus
112253 | Coc:7    | Killed Antaeus
112290 | Coc:7    | Got an icy rune of Zot
112409 | Geh:1    | Entered Level 1 of Gehenna
112420 | Geh:1    | Noticed a dread lich
112426 | Geh:1    | Killed a dread lich
112429 | Geh:1    | Noticed a dread lich
112432 | Geh:1    | Killed a dread lich
112437 | Geh:1    | Noticed a dread lich
112441 | Geh:1    | Killed a dread lich
112572 | Geh:1    | Noticed a dread lich
112576 | Geh:1    | Killed a dread lich
112607 | Geh:1    | Noticed an ancient lich
112611 | Geh:1    | Killed an ancient lich
112627 | Geh:1    | Noticed an ancient lich
112631 | Geh:1    | Killed an ancient lich
113876 | Geh:7    | Entered Level 7 of Gehenna
114045 | Geh:7    | Reached skill level 5 in Fighting
114183 | Geh:7    | Reached skill level 15 in Shields
115633 | Geh:7    | Got the Writings on Lava and Trauma
115659 | Geh:7    | Identified the staff of Aqupsayx {rPois rF+ rN+ Will- Fire
                  | Ice}
116131 | Geh:7    | Found the +13 sceptre of Asmodeus
116131 | Geh:7    | Noticed Asmodeus
116140 | Geh:7    | Killed Asmodeus
116236 | Geh:7    | Got an obsidian rune of Zot
116598 | Dis:1    | Entered Level 1 of the Iron City of Dis
116679 | Dis:1    | You are sucked into a shaft and drop 1 floor!
117037 | Tar:1    | Entered Level 1 of Tartarus
118122 | Tar:2    | You are sucked into a shaft and drop 1 floor!
118141 | Tar:3    | Noticed an ancient lich
118145 | Tar:3    | Killed an ancient lich
118353 | Tar:4    | Noticed an ancient lich
118356 | Tar:4    | Killed an ancient lich
118664 | Tar:5    | Killed from afar by a putrid mouth

Illustrated notes

Levels and vault maps discovered:
D:1:      dpeg_arrival_three_same_balls, layout_loops_ring, serial_bayou_lake_a
D:2:      layout_basic, dk_vineyard_2, nicolae_concentric_dashed_squares_wild,
          minmay_heptomino_l4
D:3:      gammafunk_wand_slinger, layout_basic,
          mainiacjoe_overflow_surrounded_room, slow_altar_2, dk_noncrumbling_3,
          uniq_natasha
D:4:      layout_cave_pools, minmay_liquid_box, due_unseen_surprise,
          uniq_eustachio
D:5:      layout_layer_cave, serial_glass, glass_columns_b, glass_columns_a,
          glass_columns_a, glass_columns_b, uniq_blork_the_orc
D:6:      layout_gridville, minmay_temple_entry_glassed_door,
          gammafunk_ghost_stat_death, kennysheep_minor_cross, uniq_duvessa,
          uniq_prince_ribbit1
D:7:      layout_loops_ring, lemuel_tele_altar, chequers_serial_rivers_micro_b,
          uniq_joseph
D:8:      layout_basic
D:9:      layout_long_grid, kennysheep_mini_moat, david_lair_shrubbed,
          orc_0_dummy, minmay_checkerbox
D:10:     layout_grid_maze, zin_purify, chequers_temple_overflow_minitemple,
          nicolae_trove_entry_free_sample, hangedman_corner_corridor,
          uniq_maggie, uniq_snorg, uniq_maurice
D:11:     layout_stronghold
D:12:     layout_layer_cave, uniq_kirke
D:13:     layout_basic, serial_shops,
          nicolae_shop_temple_entry_statues_fountains, uniq_jorgrun,
          uniq_frances
D:14:     layout_big_octagon, tgw_xom
D:15:     grunt_enter_depths_giant_problem, layout_rooms,
          kennysheep_flooded_box, uniq_rupert
Temple:   dshaligram_water_room_temple
Lair:1:   layout_cave_pods, hangedman_lair_generics_rect,
          infiniplex_staircase_pool_2, lemuel_fruit_tree, uniq_amaemon,
          uniq_gastronok
Lair:2:   layout_roguey, alex1729_swamp_entry_worm_eleionoma,
          grunt_megastairs_4, serial_bayou_shore_a
Lair:3:   layout_loops_ring, minmay_snake_entry_six_corridors, st_stairs_12
Lair:4:   layout_misc_corridors, gammafunk_ghost_hive
Lair:5:   guppyfry_lair_end_dragon, layout_loops_ring, hangedman_lair_in_review,
          nicolae_slime_entry_slimehenge
Swamp:1:  layout_basic_swamp, serial_swamp_ruin, evilmike_swamp_ruin_house_6,
          hangedman_swamp_ruin_wall, swamp_pool_1_2, statue_in_the_mist_lemuel,
          uniq_louise
Swamp:2:  layout_basic_swamp, evilmike_swamp_ruin_house_1, swamp_pool_5,
          nicolae_swamp_decorative_isthmus
Swamp:3:  layout_falls_marsh, portal_ice_cave_entry_ice_statue_one,
          evilmike_swamp_ruin_rubble_1
Swamp:4:  nzn_swamp_witches_coven, layout_basic_swamp, infiniplex_staircase_pool
Snake:1:  layout_misc_corridors, serial_shops, shop, guppyfry_library_mini,
          minmay_shoptagon
Snake:2:  layout_misc_corridors, grunt_megastairs_5
Snake:3:  layout_layer_cave, nicolae_integral_box
Snake:4:  grunt_snake_rune_serpentine_throne, layout_gridlike,
          grunt_megastairs_1, uniq_roxanne
Slime:1:  nicolae_slime_pool, layout_caves
Slime:2:  layout_caves
Slime:3:  layout_caves
Slime:4:  layout_caves
Slime:5:  slime_pit_nicolae_royal_road_to_ruin
Orc:1:    layout_caves, ebering_ghost_xom, nicolae_orc_pool_cavern,
          dreamdust_deal_with_the_devil, minmay_orc_temple_b
Orc:2:    st_orc_ogre_mass, layout_caves
Elf:1:    elf_arrival_002, layout_loops_corners, serial_shops, shop,
          kennysheep_underground_church
Elf:2:    elven_hall_of_blades_hangedman_original [mumra_blade_entry_dagger],
          layout_loops_cross, minmay_misc_feat_columns
Elf:3:    nooodl_elf_gasket, layout_geoelf_castle, kilobyte_mutagenic_chamber
Vaults:1: nicolae_vaults_little_squares_3, nicolae_vaults_know_your_exits,
          hangedman_vaults_corner, nicolae_vaults_three_branches,
          nicolae_vaults_little_squares_4, vaults_room_pool,
          nicolae_vaults_house_1, layout_vaults_omnigrid, serial_shops,
          nicolae_shop_drivethru
Vaults:2: portal_desolation_entry_nicolae_slug, st_lattice,
          nicolae_vaults_double_plus_3, nicolae_vaults_sesquioval_fish,
          hangedman_vaults_capsules, grunt_vaults_trifunnel, vaults_room_grid,
          ontoclasm_vaults_gateway, nicolae_vaults_six-pack,
          layout_vaults_big_room
Vaults:3: nicolae_vaults_more_shelving_1, nicolae_vaults_border_crossing,
          nicolae_vaults_storage_closets_1, hangedman_vaults_corner_blocks,
          nicolae_vaults_tetromino_Z_2, nicolae_vaults_tangent_ellipses,
          ontoclasm_vaults_fault, ontoclasm_vaults_pinch, v_misc_30,
          nicolae_vaults_storage_closets_3, minmay_crypt_entry_simple_box,
          nicolae_vaults_tetromino_T_1, nicolae_vaults_variable_pillar_hall,
          nicolae_vaults_sightless_eye, layout_vaults_maze, serial_shops,
          freezing_bzr
Vaults:4: gammafunk_ghost_cemetery, nicolae_vaults_lopsided_apartments,
          nicolae_vaults_puzzle_piece, grunt_vaults_diagonal, v_alt_pattern_6,
          nicolae_vaults_taking_the_gang_shopping,
          nicolae_vaults_hexular_roomagon, vaults_room_pools,
          nicolae_vaults_closet_pinwheel_5, nicolae_vaults_sesquioval_fish,
          ontoclasm_vaults_ring_small, ontoclasm_vaults_twist,
          nicolae_vaults_house_1, nicolae_vaults_closet_pinwheel_1,
          nicolae_vaults_layer_cake_slice, nicolae_vaults_oval_intersection,
          layout_vaults_omnibox, serial_shops, shop, shop,
          nicolae_shop_back_alley_shop, nicolae_shop_just_a_little_nook,
          nicolae_shop_window_shopping
Vaults:5: serial_shops, uniq_sojobo, uniq_mennas, uniq_margery
Crypt:1:  statuecave_lemuel, layout_basic, corner_web_ring
Crypt:2:  layout_rooms, basic_altar, nicolae_crypt_lounge_for_the_living,
          uniq_josephina
Crypt:3:  quadcrypt_mu, uniq_khufu, uniq_jory
Tomb:1
Depths:1: layout_cave_shapes, hell_entry, serial_shops,
          nicolae_shop_bloodbath_and_beyond, chequers_decorated_corner,
          nicolae_figureground_pulse, uniq_asterion
Depths:2: little_maze_vault, layout_basic, rand_demon_pan_entry_5, hell_entry,
          hex_tiny, grunt_ministairs_14, infiniplex_staircase_pool_1
Depths:3: minmay_the_grid_octo_tiled_squarecenter [minmay_the_grid_octo_clover,
          minmay_the_grid_octo_empty, minmay_the_grid_octo_horde,
          minmay_the_grid_octo_clover_2,
          minmay_the_grid_square_5x5_megaprize_checkered,
          minmay_the_grid_square_5x5_eight_small, minmay_the_grid_square_5x5_v,
          minmay_the_grid_square_5x5_lines,
          minmay_the_grid_square_5x5_moneybag], layout_small_grid, serial_shops,
          nicolae_shop_gibbet_a_chance, shop, shop, shop_coins,
          nicolae_shop_rolled_up, grunt_mini_vestibule, abyss_entry,
          kennysheep_opposing_triangles
Depths:4: evilmike_zot_entry_hall, layout_honeycomb, enter_ziggurat_a,
          hangedman_decor_peaks_small, hangedman_coc_ice_floe
Hell
Dis:1:    layout_regular_city, lemuel_mystery_crypt
Dis:2:    layout_overlapping_boxes, nicolae_dis_bowling_alley
Dis:3:    layout_jigsaw, nicolae_dis_grated_feature
Geh:1:    layout_gehenna_lava_caves, nicolae_hells_leichenhalle
Geh:2:    layout_gehenna_pools_basic
Geh:3:    layout_gehenna_pools_triple
Geh:4:    layout_gehenna_lava_caves
Geh:5:    layout_gehenna_pools_box
Geh:6:    layout_gehenna_lava_caves
Geh:7:    geh_hangedman
Coc:1:    layout_cocytus_delve, nicolae_hells_seeping_fissure
Coc:2:    layout_ice_bergs
Coc:3:    layout_ice_bergs
Coc:4:    layout_cocytus_water_paths
Coc:5:    nicolae_hells_demon_pit, layout_ice_bergs
Coc:6:    layout_cocytus_water_paths
Coc:7:    coc_grunt_cove [coc_grunt_cove_antaeus, coc_grunt_cove_fiend,
          coc_grunt_cove_fiend, coc_grunt_cove_fiend, coc_grunt_cove_fiend]
Tar:1:    layout_honeycomb
Tar:2:    layout_grid_maze, nicolae_tar_cuneiform_water
Tar:3:    layout_cathedral_of_symmetry
Tar:4:    layout_catacombs, nicolae_tar_spectre_spectrum
Tar:5:    layout_honeycomb

Skill      XL: |  1  2  3  4  5  6  7  8  9 10 11 12 13 14 15 16 17 18 19 20 21 22 23 24 25 26 27 |
---------------+----------------------------------------------------------------------------------+-----
Conjurations   | 6 7 8 9 11 13 14 15 17 18 20 21 23 24 26 27 | 27.0
Spellcasting   | 3 4 5 7 9 10 11 12 13 14 15 16 18 20 21 23 24 25 26 27 | 27.0
Stealth        | 3 4 5 6 7 |  7.8
Dodging        | 3 4 5 6 7 8 9 11 | 11.6
Alchemy        | 1 2 3 |  3.3
Air Magic      | 3 5 6 8 9 11 12 13 14 15 16 17 19 20 21 22 27 | 27.0
Translocations | 1 2 3 4 6 7 |  7.6
Short Blades   | 1 2 3 |  3.6
Armour         | 2 3 4 5 6 8 11 12 13 15 16 17 18 23 | 23.3
Shields        | 3 5 7 8 9 10 11 12 15 | 15.6
Evocations     | 1 2 4 5 6 |  6.0
Fighting       | 1 2 3 5 |  5.4
Earth Magic    | 2 |  2.0
Staves         | 1 2 4 |  4.1
Fire Magic     | 2 5 6 8 11 26 | 26.7
Long Blades    | |  0.7

Action                     |  1- 3 |  4- 6 |  7- 9 | 10-12 | 13-15 | 16-18 | 19-21 | 22-24 | 25-27 || total
---------------------------+-------+-------+-------+-------+-------+-------+-------+-------+-------++-------
  Melee: Unarmed           |     4 |       |       |       |       |       |       |       |       ||     4
         Kick              |     3 |       |     6 |    13 |    63 |     4 |    43 |    32 |    44 ||   208
         Long sword        |       |     3 |       |       |       |       |       |       |       ||     3
         Dagger            |       |       |    34 |    40 |   127 |       |       |       |       ||   201
         Peck              |       |       |     6 |     5 |    31 |     3 |    29 |    23 |    23 ||   120
         Staff             |       |       |       |       |     7 |    12 |   128 |    67 |    85 ||   299
   Cast: Magic Dart        |    26 |    63 |    87 |    15 |    11 |     2 |     1 |       |     2 ||   207
         Searing Ray       |     9 |    15 |    47 |    11 |     6 |     3 |     3 |       |       ||    94
         Iskenderun's Myst |       |       |     8 |    51 |   178 |   114 |   119 |    50 |    95 ||   615
         Fulminant Prism   |       |       |    12 |     8 |    13 |       |       |       |       ||    33
         Orb of Destructio |       |       |     5 |    94 |   220 |   367 |   172 |   137 |   356 ||  1351
         Iskenderun's Batt |       |       |       |       |       |     1 |       |       |       ||     1
         Irradiate         |       |       |       |       |       |     8 |       |     8 |     5 ||    21
         Arcjolt           |       |       |       |       |       |     6 |     6 |     4 |     7 ||    23
         Bombard           |       |       |       |       |       |       |   459 |   303 |   523 ||  1285
         Conjure Ball Ligh |       |       |       |       |       |       |    18 |    10 |     1 ||    29
         Maxwell's Capacit |       |       |       |       |       |       |     3 |    36 |   101 ||   140
         Chain Lightning   |       |       |       |       |       |       |     2 |    43 |   131 ||   176
         Fire Storm        |       |       |       |       |       |       |       |       |    75 ||    75
         Ignition          |       |       |       |       |       |       |       |       |    18 ||    18
  Evoke: Wand              |       |       |       |     6 |    15 |     6 |     3 |       |     7 ||    37
         Condenser vane    |       |       |       |       |       |     1 |     1 |       |     1 ||     3
    Use: Scroll            |       |       |       |     4 |     8 |    12 |    17 |     7 |     6 ||    54
         Potion            |       |       |       |       |     1 |       |     4 |     5 |     5 ||    15
   Stab: Sleeping          |       |       |     6 |     1 |     1 |       |       |       |       ||     8
         Petrified         |       |       |       |       |     2 |       |       |       |       ||     2
         Paralysed         |       |       |       |       |     2 |       |       |       |       ||     2
         Distracted        |       |       |       |       |     1 |       |       |       |       ||     1
 Armour: Robe              |     7 |     7 |    27 |     8 |       |       |       |       |       ||    49
         Leather armour    |       |       |       |     3 |       |       |       |       |       ||     3
         Troll leather arm |       |       |       |    23 |   106 |    91 |   186 |   100 |       ||   506
         Scale mail        |       |       |       |       |       |       |       |   101 |   358 ||   459
         Gold dragon scale |       |       |       |       |       |       |       |       |    59 ||    59
  Dodge: Dodged            |     8 |    19 |    93 |    65 |   185 |   172 |   190 |   136 |   219 ||  1087
  Block: Kite shield       |       |       |       |    23 |   162 |   143 |   286 |    91 |   283 ||   988
         Reflection        |       |       |       |       |       |       |    42 |    16 |    29 ||    87
         Tower shield      |       |       |       |       |       |       |       |   189 |       ||   189
